 Dungeon Crawl Stone Soup version 0.31-a0-489-g282fc92437 (webtiles) character file.

Game seed: 9375573308794409611

45 Ethylacetat the Trooper (level 3, -4/20 HPs)
             Began as a Vine Stalker Monk on Aug 8, 2023.
             Slain by an orc
             ... wielding a +0 mace
              (5 damage)
             ... on level 2 of the Dungeon.
             The game lasted 00:01:33 (1468 turns).

Ethylacetat the Trooper (Vine Stalker Monk)         Turns: 1468, Time: 00:01:34

Health: -4/20      AC:  2    Str: 15    XL:     3   Next: 64%
Magic:  0/6        EV: 12    Int: 10    God:
Gold:   49         SH:  0    Dex: 16    Spells: 5/5 levels left

rFire   . . .        a - +0 hand axe
rCold   . . .        d - orb {light}
rNeg    . . .        b - +0 robe
rPois   .            (no helmet)
rElec   .            (no cloak)
rCorr   .            (no gloves)
SInv    .            (no boots)
Will    .....        (no amulet)
Stlth   +            (no ring)
HPRegen 0.23/turn    (no ring)
MPRegen 0.10/turn

%: guardian spirit
@: glowing
A: fangs 2, magic shield, antimagic bite, no potion heal 2
a: no special abilities


You were on level 2 of the Dungeon.
You visited 1 branch of the dungeon, and saw 2 of its levels.

You collected 49 gold pieces.

Inventory:

Hand Weapons
 a - a +0 hand axe (weapon)
Armour
 b - a +0 robe (worn)
 d - an orb of light (worn)
Scrolls
 e - 2 scrolls of blinking {unknown}
 f - a scroll of fog {unknown}
 g - a scroll of teleportation {unknown}
 h - a scroll of amnesia {unknown}
 i - 3 scrolls of identify {unknown}
 j - a scroll of revelation {unknown}
 l - a scroll of torment {unknown}
Potions
 c - a potion of ambrosia
 k - a potion of attraction {unknown}


   Skills:
 + Level 3.2 Fighting
 + Level 3.2 Axes
 - Level 2.4 Dodging
 + Level 1.6 Spellcasting


You had 5 spell levels left.
You didn't know any spells.
Your spell library was empty.

Dungeon Overview and Level Annotations

Branches:
Dungeon (2/15)

Altars:


Innate Abilities, Weirdness & Mutations

You have extremely sharp teeth.
When hurt, damage is shared between your health and your magic reserves.
Your bite disrupts and absorbs the magic of your enemies.
Potions cannot restore your health.


Message History

You see here a ball python corpse.
A giant cockroach comes into view.
The giant cockroach closely misses you. The giant cockroach barely misses you.
You hit the giant cockroach. You bite the giant cockroach.
You kill the giant cockroach!
You see here a giant cockroach corpse. 3 orcs come into view.
The orc shouts!
The orc moves out of view.
An orc priest comes into view. It is wielding a +0 short sword.
The orc priest shouts!
An orc comes into view. It is wielding a +0 hand axe.
There are monsters nearby!
There are monsters nearby!
The orc closely misses you.
You hit the orc but do no damage. The orc closely misses you.
The orc hits you with a +0 flail!
The orc priest looks braver for a moment.
The orc hits you with a +0 mace.
You hit the orc. You bite the orc, but do no damage.
The orc is lightly wounded.
You hit the orc but do no damage. The orc hits you with a +0 mace.
The orc barely misses you.
The orc priest begins to cast a cantrip, but forgets the words!
You hit the orc but do no damage.
The orc is lightly wounded.
You hit the orc but do no damage. The orc closely misses you.
The orc hits you with a +0 mace.
You are too injured to fight recklessly!
You are too injured to fight recklessly!
You are too injured to fight recklessly!
Unknown command.
You are too injured to fight recklessly!
The orc attacks as you move away! The orc hits you with a +0 hand axe.
The orc attacks as you move away! The orc hits you with a +0 mace.
The orc priest calls down the wrath of Beogh upon you.
Beogh smites you!
* * * LOW HITPOINT WARNING * * *
The orc attacks as you move away! The orc hits you with a +0 mace.
You die...

#.....## #.......#.#
#.#...#.#.# #.#
#.......#.# #.## #
#.......#.. ......
#.......#.# ######..###
#.#..o#o#.# #..<>(.....
#......o#.# #.####..###
......oo@.#.##.# #..#
###...##.##....####..####
##.....#####...........
#####.# #.####.>#### #†#
#.####..##
#.#####........#
#..............#
#..............#
############.#.#


You could see an orc priest and 4 orcs.

Vanquished Creatures
  An adder (D:2)
  A worm (D:1)
  2 dart slugs
  4 ball pythons
  4 bats
  3 endoplasms (D:1)
  2 giant cockroaches
  A goblin (D:2)
  3 hobgoblins (D:1)
  A quokka (D:1)
  2 frilled lizards
  2 kobolds
  3 rats (D:1)
29 creatures vanquished.

Notes
Turn   | Place    | Note
-------+----------+-------------------------------------------
     0 | D:1      | Ethylacetat the Vine Stalker Monk began the quest for the
                  | Orb.
     0 | D:1      | Reached XP level 1. HP: 11/11 MP: 2/2
   273 | D:1      | Reached XP level 2. HP: 16/16 MP: 1/3
   458 | D:1      | Reached skill level 1 in Spellcasting
   913 | D:1      | Reached XP level 3. HP: 12/20 MP: 3/5
  1467 | D:2      | HP: 1/20 [orc priest/divine providence (7)]
  1468 | D:2      | Slain by an orc

Illustrated notes

Levels and vault maps discovered:
D:1:      elethiomel_arrival_shortcut, layout_loops_corners, nicolae_wormholes
D:2:      cheibrodos_pilgrimage, layout_loops_ring,
          dreamdust_ecumenical_altar_angels_and_demons

Skill      XL: |  1  2 |
---------------+-------+-----
Fighting       | 3 |  3.2
Spellcasting   | 1 |  1.6
Axes           | 3 |  3.2
Dodging        | |  2.4

Action                     || total
---------------------------++-------
  Melee: Hand axe          ||    76
         Bite              ||    19
 Armour: Robe              ||     7
  Dodge: Dodged            ||    52

Table legend: (Time is in decaauts)
 A = Elapsed time spent in this place.
 B = Non-inter-level travel time spent in this place.
 C = Inter-level travel time spent in this place.
 D = Time resting spent in this place.
 E = Time spent auto-exploring this place.
 F = Levels seen in this place.
 G = Mean time per level.
                   A        B        C        D        E       F      G
               +--------+--------+--------+--------+--------+-----+--------+
         Total |   1479 |   1382 |     97 |      0 |   1195 |   2 |  739.5 |
       Dungeon |   1479 |   1382 |     97 |      0 |   1195 |   2 |  739.5 |
               +--------+--------+--------+--------+--------+-----+--------+

Top non-repeatable levels by time:
     D:1: 1131 daAuts
     D:2: 348 daAuts
